 Dungeon Crawl Stone Soup version 0.31-a0-1612-g4aaf141004 (webtiles) character file.

Game seed: 17666434464784806452

23 night the Trooper (level 3, -1/24 HPs)
             Began as a Gargoyle Berserker on Jan 9, 2024.
             Was a Follower of Trog.
             Slain by a ribbon worm (5 damage)
             ... on level 2 of the Dungeon.
             The game lasted 00:01:29 (904 turns).

night the Trooper (Gargoyle Berserker)               Turns: 904, Time: 00:01:29

Health: -1/24      AC:  6    Str: 22    XL:     3   Next: 0%
Magic:  3/3        EV: 12    Int:  7    God:    Trog [*.....]
Gold:   97         SH:  0    Dex:  9    Spells: 2/2 levels left

rFire   . . .        a - +0 falchion
rCold   . . .        (no shield)
rNeg    + . .        b - +0 animal skin
rPois   ∞            i - +0 helmet
rElec   +            (no cloak)
rCorr   .            (no gloves)
SInv    .            (no boots)
Will    .....        (no amulet)
Stlth   +            (no ring)
HPRegen 0.24/turn    (no ring)
MPRegen 0.08/turn

%: no passive effects
@: no status effects
A: sickness immunity, AC +3, negative energy resistance 1, electricity
resistance, torment resistance 1, petrification resistance
a: Renounce Religion, Berserk


You were on level 2 of the Dungeon.
You worshipped Trog.
Trog was aware of your devotion.
You visited 1 branch of the dungeon, and saw 2 of its levels.

You collected 97 gold pieces.

Inventory:

Hand Weapons
 a - a +0 falchion (weapon)
Missiles
 d - 27 stones (quivered)
Armour
 b - a +0 animal skin (worn)
 i - a +0 helmet (worn)
Jewellery
 g - a ring of resist corrosion
Scrolls
 c - 2 scrolls of butterflies {unknown}
 f - 2 scrolls of identify {unknown}
 j - a scroll of fear {unknown}
 k - a scroll of noise {unknown}
Potions
 e - a potion of heal wounds {unknown}
 h - a potion of curing {unknown}


   Skills:
 * Level 3.7 Fighting
 * Level 3.0 Long Blades
 + Level 2.5 Armour
 + Level 1.8 Dodging


You had 2 spell levels left.
You didn't know any spells.
Your spell library was empty.

Dungeon Overview and Level Annotations

Branches:
Dungeon (2/15)

Altars:
Wu Jian


Innate Abilities, Weirdness & Mutations

You are immune to sickness and miasma.
Your stone body is resilient. (AC +3)
You are immune to poison.
You resist negative energy. (rN+)
You are resistant to electric shocks. (rElec)
You are resistant to unholy torment.
You are immune to petrification.


Message History

The web tears apart.
The goblin completely misses you. The ribbon worm bites you.
* * * LOW HITPOINT WARNING * * *
You hit the ribbon worm.
The ribbon worm is moderately wounded.
The goblin hits you but does no damage.
You hit the ribbon worm.
The ribbon worm is heavily wounded.
The ribbon worm expels a string of sticky webbing.
The stream of webbing hits you but does no damage.
You are caught in a web!
The goblin hits you but does no damage.
The web tears apart.
The ribbon worm bites you.
* * * LOW HITPOINT WARNING * * *
The goblin misses you.
You hit the ribbon worm but do no damage.
The ribbon worm is heavily wounded.
The ribbon worm expels a string of sticky webbing.
The stream of webbing hits you but does no damage.
You are caught in a web!
The goblin hits you but does no damage.
The web tears apart.
The ribbon worm expels a string of sticky webbing.
The stream of webbing hits you but does no damage.
You are caught in a web!
The goblin hits you but does no damage.
The web tears apart.
The goblin hits you with a +0 club.
* * * LOW HITPOINT WARNING * * *
The ribbon worm barely misses you.
You hit the ribbon worm.
The ribbon worm is moderately wounded.
The goblin hits you with a +0 club.
* * * LOW HITPOINT WARNING * * *
The ribbon worm closely misses you.
You barely miss the ribbon worm.
The ribbon worm is moderately wounded.
The goblin barely misses you. The ribbon worm closely misses you.
You hit the ribbon worm but do no damage.
The ribbon worm is moderately wounded.
The goblin hits you with a +0 club.
* * * LOW HITPOINT WARNING * * *
The ribbon worm bites you.
You die...

#...........#
#...........#
#...........#
#...........# .. .
#...........##.# ..##
#...........#..#
.....#.............#
..................###
..<...w@#.###........
...[..g##.###....####
....... #........#
.......
#.####...############
....... .>#
#...............
#...... ###
###.......[.....
#......
#.............
#......
#.............
#.............


You could see a ribbon worm and a goblin.

Vanquished Creatures
  3 endoplasms
  2 goblins (D:1)
  5 hobgoblins (D:1)
  A quokka (D:1)
  3 ball pythons (D:1)
  A frilled lizard (D:1)
  4 kobolds (D:1)
19 creatures vanquished.

Notes
Turn   | Place    | Note
-------+----------+-------------------------------------------
     0 | D:1      | night the Gargoyle Berserker began the quest for the Orb.
     0 | D:1      | Reached XP level 1. HP: 14/14 MP: 1/1
   235 | D:1      | Reached XP level 2. HP: 18/19 MP: 2/2
   819 | D:2      | Found an ornate altar of the Wu Jian Council.
   836 | D:2      | Reached XP level 3. HP: 21/24 MP: 3/3
   904 | D:2      | Slain by a ribbon worm

Illustrated notes

Levels and vault maps discovered:
D:1:      amcnicky_arrival_feature_with_door, layout_basic
D:2:      layout_basic, basic_altar

Skill      XL: |  1  2 |
---------------+-------+-----
Long Blades    | 3 |  3.0
Fighting       | |  3.7
Armour         | |  2.5
Dodging        | |  1.8

Action                     || total
---------------------------++-------
  Melee: Falchion          ||    85
         Punch             ||     1
 Armour: Animal skin       ||    67
  Dodge: Dodged            ||    59

Table legend: (Time is in decaauts)
 A = Elapsed time spent in this place.
 B = Non-inter-level travel time spent in this place.
 C = Inter-level travel time spent in this place.
 D = Time resting spent in this place.
 E = Time spent auto-exploring this place.
 F = Levels seen in this place.
 G = Mean time per level.
                   A        B        C        D        E       F      G
               +--------+--------+--------+--------+--------+-----+--------+
         Total |    916 |    907 |      9 |      0 |    734 |   2 |  458.0 |
       Dungeon |    916 |    907 |      9 |      0 |    734 |   2 |  458.0 |
               +--------+--------+--------+--------+--------+-----+--------+

Top non-repeatable levels by time:
     D:1: 825 daAuts
     D:2: 90 daAuts
